 Dungeon Crawl Stone Soup version 0.29.0-15-g675c0067aa (webtiles) character file.

Game seed: 15742634929630751218

564 qw the Chopper (level 7, -1/44 HPs)
             Began as a Gargoyle Delver on Sept 11, 2022.
             Slain by an ogre
             ... wielding a +0 giant spiked club
              (18 damage)
             ... on level 5 of the Dungeon.
             The game lasted 00:01:38 (4779 turns).

qw the Chopper (Gargoyle Delver)                    Turns: 4779, Time: 00:01:38

Health: -1/44      AC: 19    Str: 18    XL:     7   Next: 32%
Magic:  7/7        EV:  5    Int: 10    God:
Gold:   105        SH:  0    Dex: 11    Spells: 6/6 levels left

rFire   + . .      SeeInvis .   Y - +2 war axe
rCold   + . .      Faith    .   (no shield)
rNeg    + . .      Spirit   .   l - +0 plate armour
rPois   inf        Reflect  .   e - +0 helmet
rElec   +          Harm     .   (no cloak)
rCorr   .          Rampage  .   j - +1 pair of gloves
Will    .....                   (no boots)
Stlth   ..........              c - amulet of regeneration
HPRegen 0.94/turn               h - ring of protection from fire
MPRegen 0.10/turn               t - ring of protection from cold

@: no status effects
A: sickness immunity, AC +4, negative energy resistance 1, electricity
resistance, torment resistance 1, petrification resistance
a: no special abilities


You were on level 5 of the Dungeon.
You visited 2 branches of the dungeon, and saw 7 of its levels.

You collected 225 gold pieces.
You spent 120 gold pieces at shops.


Innate Abilities, Weirdness & Mutations

You are immune to sickness and miasma.
Your stone body is resilient. (AC +4)
You are immune to poison.
You resist negative energy. (rN+)
You are resistant to electric shocks. (rElec)
You are resistant to unholy torment.
You are immune to petrification.


   Skills:
 - Level 4.4 Fighting
 + Level 5.9 Axes
 - Level 1.0 Throwing
 - Level 3.0 Armour
 - Level 1.5 Dodging
 - Level 5.4 Stealth


You had 6 spell levels left.
You didn't know any spells.
Your spell library was empty.

Inventory:

Hand Weapons
 q - a +0 flail
 Y - a +2 war axe (weapon)
Armour
 e - a +0 helmet (worn)
 j - a +1 pair of gloves (worn)
 l - a +0 plate armour (worn)
Jewellery
 b - a ring of willpower
 c - an amulet of regeneration (around neck)
 h - a ring of protection from fire (left hand)
 t - a ring of protection from cold (right hand)
Wands
 g - a wand of digging (3)
Scrolls
 d - a scroll of identify
 k - a scroll of teleportation
Potions
 f - 2 potions of haste
 m - a potion of might {unknown}
 o - a potion of resistance {unknown}
 p - 5 potions of curing
 r - a potion of heal wounds

Dungeon Overview and Level Annotations

Branches:
Dungeon (6/15)             Temple (1/1) D:4

Altars:
Cheibriados
Fedhas
Gozag
Hepliaklqana
Ru
Wu Jian
Xom

Shops:
D:2 (!((!

Annotations:
D:3 3 runed translucent doors, qw's ghost, weakling GrDe


Message History

You slash the bullfrog!
The bullfrog is severely wounded.
The bullfrog hits you but does no damage. x2
You miss the bullfrog.
The bullfrog is severely wounded.
The bullfrog hits you but does no damage. x2
You slash the bullfrog!
You kill the bullfrog!
(D) Dungeon (T) Temple
Where to? (* - list waypoints, Enter - D:5, ? - help)
What level of the Dungeon? (default 1, ? - help)
Found a potion of heal wounds and 18 gold pieces.
Found 9 gold pieces and a scroll of immolation.
There is a stone staircase leading up here.
You climb upwards.
There is a stone staircase leading down here.
An ice beast comes into view.
Enter note: An ogre comes into view. It is wielding a +0 giant spiked club.
The ogre shouts!
The ice beast hits you but does no damage.
You barely miss the ice beast.
You punch the ice beast, but do no damage.
The ice beast hits you but does no damage.
You slash the ice beast!
The ice beast is moderately wounded.
The ice beast barely misses you.
The ice beast hits you but does no damage.
You slash the ice beast!
You punch the ice beast, but do no damage.
The ice beast is heavily wounded.
You hit the ogre.
The ogre hits you with a +0 giant spiked club!!
The ice beast hits you. The ice beast freezes you. You resist.
You hit the ice beast but do no damage.
The ice beast is heavily wounded.
You hit the ogre. The ice beast barely misses you.
The ogre hits you with a +0 giant spiked club!!
You die...

#.......#........
#.......#........ #
#.......#.....(.. ###.
#.......#........ ...#
#.......#?.......
#..###.......#........
#..........).........
##.Y#.####.##........
#..O@..# #..#........
##.#...# ##.#########
# ##..# #..# ## ##.#
##.#######. .#
#......... ##
##........ #........
#........ ......
#........


You could see an ice beast and an ogre.

Vanquished Creatures
  An ice beast (D:5)
  A bullfrog (D:6)
  2 scorpions
  2 hounds
  A jelly (D:4)
  2 iguanas (D:4)
  8 adders
  2 worms
  A dart slug (D:4)
  3 orcs
  4 bats
  4 endoplasms
  2 giant cockroaches
  8 goblins
  6 hobgoblins
  8 jackals
  2 quokkas
  9 ball pythons
  6 frilled lizards
  7 kobolds
  2 rats
81 creatures vanquished.

Notes
Turn   | Place    | Note
-------+----------+-------------------------------------------
     0 | D:5      | qw the Gargoyle Delver began the quest for the Orb.
     0 | D:5      | Reached XP level 1. HP: 14/14 MP: 1/1
     0 | D:5      | 0 ||| qw: Version: 0.1-a-118-gb4e7ce6
     0 | D:5      | 0 ||| qw: Game counter: 10586
     0 | D:5      | 0 ||| qw: Always use a shield: true
     0 | D:5      | 0 ||| qw: God list: Okawaru
     0 | D:5      | 0 ||| qw: Allow faded altars: false
     0 | D:5      | 0 ||| qw: Do Orc after D:15 true
     0 | D:5      | 0 ||| qw: Do second Lair branch before Depths: true
     0 | D:5      | 0 ||| qw: Lair rune preference: random
     0 | D:5      | 0 ||| qw: Plans: Normal
     0 | D:5      | 0 ||| PLANNING D:1-11
    38 | D:5      | Reached XP level 2. HP: 14/19 MP: 2/2
   134 | D:5      | 134 ||| Stepping ~*~*~tactically~*~*~ (hiding).
   148 | D:5      | 148 ||| Stepping ~*~*~tactically~*~*~ (stealth).
   149 | D:5      | 149 ||| DROPPING scroll of fog.
   150 | D:5      | 150 ||| DROPPING scroll of magic mapping.
   151 | D:5      | 151 ||| DROPPING scroll of fear.
   154 | D:5      | 154 ||| Stepping ~*~*~tactically~*~*~ (hiding).
   164 | D:5      | 164 ||| Stepping ~*~*~tactically~*~*~ (stealth).
   166 | D:5      | 166 ||| Stepping ~*~*~tactically~*~*~ (stealth).
   169 | D:5      | 169 ||| Stepping ~*~*~tactically~*~*~ (hiding).
   173 | D:5      | 173 ||| Stepping ~*~*~tactically~*~*~ (stealth).
   276 | D:5      | 276 ||| Stepping ~*~*~tactically~*~*~ (hiding).
   378 | D:5      | 378 ||| Stepping ~*~*~tactically~*~*~ (hiding).
   480 | D:5      | 480 ||| Stepping ~*~*~tactically~*~*~ (hiding).
   582 | D:5      | 582 ||| Stepping ~*~*~tactically~*~*~ (hiding).
   684 | D:5      | 684 ||| Stepping ~*~*~tactically~*~*~ (hiding).
   786 | D:5      | 786 ||| Stepping ~*~*~tactically~*~*~ (hiding).
   888 | D:5      | 888 ||| Stepping ~*~*~tactically~*~*~ (hiding).
  1025 | D:3      | Reached skill level 3 in Axes
  1109 | D:2      | Reached XP level 3. HP: 23/23 MP: 3/3
  1117 | D:2      | 1117 ||| Stepping ~*~*~tactically~*~*~ (stealth).
  1129 | D:2      | Found a faded altar of an unknown god.
  1174 | D:2      | 1174 ||| UPGRADING to +0 helmet.
  1179 | D:2      | 1179 ||| UPGRADING to +0 pair of gloves.
  1184 | D:2      | 1184 ||| UPGRADING to amulet of regeneration.
  1200 | D:1      | 1200 ||| Stepping ~*~*~tactically~*~*~ (stealth).
  1202 | D:1      | 1202 ||| Stepping ~*~*~tactically~*~*~ (stealth).
  1205 | D:1      | 1205 ||| Stepping ~*~*~tactically~*~*~ (stealth).
  1208 | D:1      | 1208 ||| Stepping ~*~*~tactically~*~*~ (stealth).
  1213 | D:1      | 1213 ||| Stepping ~*~*~tactically~*~*~ (stealth).
  1215 | D:1      | 1215 ||| Stepping ~*~*~tactically~*~*~ (stealth).
  1217 | D:1      | 1217 ||| Stepping ~*~*~tactically~*~*~ (stealth).
  1219 | D:1      | 1219 ||| Stepping ~*~*~tactically~*~*~ (stealth).
  1221 | D:1      | 1221 ||| Stepping ~*~*~tactically~*~*~ (stealth).
  1224 | D:1      | 1224 ||| Stepping ~*~*~tactically~*~*~ (stealth).
  1229 | D:1      | 1229 ||| Stepping ~*~*~tactically~*~*~ (stealth).
  1235 | D:1      | 1235 ||| Stepping ~*~*~tactically~*~*~ (stealth).
  1244 | D:1      | 1244 ||| Stepping ~*~*~tactically~*~*~ (stealth).
  1252 | D:1      | Reached skill level 1 in Throwing
  1252 | D:1      | 1252 ||| Stepping ~*~*~tactically~*~*~ (stealth).
  1255 | D:1      | 1255 ||| Stepping ~*~*~tactically~*~*~ (stealth).
  1345 | D:1      | 1345 ||| DROPPING +0 club.
  1516 | D:1      | 1516 ||| Stepping ~*~*~tactically~*~*~ (stealth).
  1518 | D:1      | 1518 ||| Stepping ~*~*~tactically~*~*~ (stealth).
  1520 | D:1      | 1520 ||| Stepping ~*~*~tactically~*~*~ (stealth).
  1952 | D:1      | 1952 ||| UPGRADING to +0 ring mail.
  1962 | D:1      | 1962 ||| DROPPING +0 leather armour.
  1963 | D:1      | 1963 ||| UPGRADING to ring of protection from fire.
  1964 | D:1      | 1964 ||| UPGRADING to ring of willpower.
  1965 | D:1      | 1965 ||| READING scroll labelled CILUTUHOSS.
  1966 | D:1      | 1966 ||| READING scroll labelled UPTOSU XEBAPPA.
  1994 | D:2      | 1994 ||| STAIRDANCE
  1999 | D:2      | 1999 ||| STAIRDANCE
  2002 | D:1      | Reached XP level 4. HP: 28/28 MP: 4/4
  2008 | D:2      | 2008 ||| STAIRDANCE
  2039 | D:2      | Found Gelynan's Distillery.
  2048 | D:2      | 2048 ||| BUYING 2 potions of curing (60 gold).
  2048 | D:2      | Bought 2 potions of curing for 60 gold pieces
  2048 | D:2      | 2048 ||| SHOPLISTING 2 potions of heal wounds (100 gold,
                  | have 66).
  2048 | D:2      | 2048 ||| BUYING potion of curing (30 gold).
  2048 | D:2      | Bought a potion of curing for 30 gold pieces
  2048 | D:2      | 2048 ||| BUYING potion of curing (30 gold).
  2048 | D:2      | Bought a potion of curing for 30 gold pieces
  2048 | D:2      | 2048 ||| SHOPLISTING potion of mutation (80 gold, have 6).
  2061 | D:2      | Found Kounoret's Weapon Boutique.
  2082 | D:2      | 2082 ||| SHOPLISTING +1 hand axe of electrocution (174
                  | gold, have 6).
  2082 | D:2      | 2082 ||| SHOPLISTING +5 hand axe "Demonslayer" {flame, rF++
                  | Dex-2} (608 gold, have 6).
  2234 | D:2      | Reached skill level 1 in Armour
  2271 | D:2      | Found Vyivuo's Distillery.
  2280 | D:2      | 2280 ||| SHOPLISTING 2 potions of mutation (176 gold, have
                  | 6).
  2280 | D:2      | 2280 ||| SHOPLISTING potion of curing (33 gold, have 6).
  2280 | D:2      | 2280 ||| SHOPLISTING potion of heal wounds (55 gold, have
                  | 6).
  2280 | D:2      | 2280 ||| SHOPLISTING potion of might (44 gold, have 6).
  2280 | D:2      | 2280 ||| SWAPPING to +0 war axe.
  2281 | D:2      | 2281 ||| DROPPING +0 hand axe.
  2351 | D:2      | 2351 ||| Stepping ~*~*~tactically~*~*~ (stealth).
  2353 | D:2      | 2353 ||| Stepping ~*~*~tactically~*~*~ (stealth).
  2355 | D:2      | 2355 ||| Stepping ~*~*~tactically~*~*~ (stealth).
  2364 | D:2      | 2364 ||| Stepping ~*~*~tactically~*~*~ (stealth).
  2366 | D:2      | 2366 ||| Stepping ~*~*~tactically~*~*~ (stealth).
  2368 | D:2      | 2368 ||| Stepping ~*~*~tactically~*~*~ (stealth).
  2391 | D:2      | Found Abuphuuk's Weapon Boutique.
  2399 | D:2      | 2399 ||| SHOPLISTING +0 vampiric war axe (125 gold, have
                  | 17).
  2399 | D:2      | 2399 ||| SHOPLISTING +2 mace "Linep" {drain, Will+} (280
                  | gold, have 17).
  2413 | D:2      | Found Odetinot's Weapon Shop.
  2645 | D:2      | 2645 ||| READING 2 scrolls labelled OHEODA BAHIUR.
  2649 | D:2      | 2649 ||| READING scroll labelled URA BYZ HECOHAIR.
  2797 | D:3      | Found a runed translucent gate.
  2797 | D:3      | Found a runed translucent gate.
  2797 | D:3      | Found a runed translucent gate.
  2802 | D:3      | Noticed qw's ghost (weakling GrDe)
  2903 | D:3      | 2903 ||| Stepping ~*~*~tactically~*~*~ (stealth).
  2905 | D:3      | 2905 ||| Stepping ~*~*~tactically~*~*~ (stealth).
  2939 | D:3      | 2939 ||| DROPPING +0 whip.
  2960 | D:3      | 2960 ||| Stepping ~*~*~tactically~*~*~ (stealth).
  2976 | D:3      | 2976 ||| Stepping ~*~*~tactically~*~*~ (stealth).
  3286 | D:3      | Found a snail-covered altar of Cheibriados.
  3296 | D:3      | 3296 ||| DROPPING +1 mace of holy wrath.
  3418 | D:3      | 3418 ||| UPGRADING to ring of protection from cold.
  3420 | D:3      | 3420 ||| READING scroll labelled HIRRIKHLIVOL.
  3421 | D:3      | 3421 ||| READING scroll labelled NELUDW EZYRA.
  3563 | D:4      | Reached XP level 5. HP: 32/32 MP: 5/5
  3576 | D:4      | 3576 ||| Stepping ~*~*~tactically~*~*~ (stealth).
  3577 | D:4      | 3577 ||| Stepping ~*~*~tactically~*~*~ (stealth).
  3579 | D:4      | 3579 ||| Stepping ~*~*~tactically~*~*~ (stealth).
  3581 | D:4      | 3581 ||| Stepping ~*~*~tactically~*~*~ (stealth).
  3621 | D:4      | 3621 ||| Stepping ~*~*~tactically~*~*~ (hiding).
  3852 | D:4      | 3852 ||| READING scroll of enchant armour.
  3852 | D:4      | 3852 ||| ENCHANTING +0 pair of gloves.
  4042 | D:4      | Reached XP level 6. HP: 28/38 MP: 6/6
  4103 | D:4      | Found a staircase to the Ecumenical Temple.
  4104 | D:4      | 4104 ||| PLANNING TEMPLE
  4104 | D:4      | 4104 ||| UPGRADING to +0 plate armour.
  4114 | D:4      | 4114 ||| DROPPING +0 ring mail.
  4115 | D:4      | 4115 ||| READING scroll labelled IWKALO ILOZUHU.
  4116 | D:4      | 4116 ||| DRINKING 2 smoky puce potions.
  4154 | D:4      | 4154 ||| DRINKING 2 bubbling orange potions.
  4255 | D:4      | 4255 ||| DROPPING potion of lignification.
  4256 | D:4      | 4256 ||| DROPPING potion of ambrosia.
  4263 | Temple   | Entered the Ecumenical Temple
  4276 | Temple   | 4276 ||| PLANNING D:1-11
  4544 | D:4      | 4544 ||| DRINKING 2 ruby potions.
  4633 | D:5      | Reached skill level 3 in Armour
  4682 | D:5      | Noticed an ice beast
  4696 | D:5      | Killed an ice beast
  4697 | D:5      | Reached XP level 7. HP: 37/44 MP: 7/7
  4722 | D:5      | 4722 ||| READING scroll of enchant weapon.
  4722 | D:5      | 4722 ||| ENCHANTING +1 war axe.
  4727 | D:5      | You fall into a shaft and drop 1 floor!
  4730 | D:6      | 4730 ||| READING 2 scrolls of identify.
  4730 | D:6      | 4730 ||| IDENTIFYING coppery potion
  4731 | D:6      | 4731 ||| DROPPING potion of flight.
  4779 | D:5      | Slain by an ogre

Levels and vault maps discovered:
D:1:      tarquinn_simple_flora_water_e, layout_basic, minmay_octomino_j4
D:2:      layout_basic, hellmonk_ecumenical_altar_dog_temple, serial_shops,
          shop, nicolae_shop_statue_plus, shop, shop_fountains, shop,
          solitary_fountain, grunt_ministairs_12
D:3:      layout_basic, mainiacjoe_overflow_cross_hatched,
          gammafunk_ghost_necromancy
D:4:      layout_loops_corners, minmay_temple_entry_tees
D:5:      layout_basic, minmay_fractal_squares_gapless_5
D:6:      layout_rooms, gammafunk_ghost_cemetery
Temple:   hellmonk_temple_two_chambers

Skill      XL: |  1  2  3  4  5  6 |
---------------+-------------------+-----
Axes           | 2 3 4 5 |  5.9
Throwing       | 1 |  1.0
Armour         | 1 3 |  3.0
Fighting       | 4 |  4.4
Dodging        | |  1.5
Stealth        | |  5.4

Action                   |  1- 3 |  4- 6 |  7- 9 || total
-------------------------+-------+-------+-------++-------
Melee: Hand axe          |    72 |    20 |       ||    92
       War axe           |       |   122 |    12 ||   134
       Punch             |       |     2 |     2 ||     4
Throw: Javelin           |    23 |    16 |       ||    39
  Use: Scroll            |     2 |     6 |     2 ||    10
       Potion            |       |     3 |       ||     3
Armor: Leather armour    |    42 |       |       ||    42
       Ring mail         |     1 |    48 |       ||    49
       Plate armour      |       |    38 |    11 ||    49
Dodge: Dodged            |    68 |    63 |     3 ||   134

Table legend:
 A = Non-vault XP
 B = Vault XP
 C = Vault XP percentage of total XP
 D = Non-vault monster count
 E = Vault monster count
 F = Vault count percentage of total count
                 A         B        C        D         E       F
            +---------+---------+-------+---------+---------+-------
      Total |     796 |      11 |   1.4 |      74 |       7 |   8.6
            +---------+---------+-------+---------+---------+-------
        D:1 |      40 |       6 |  13.0 |      22 |       4 |  15.4
        D:2 |      33 |       5 |  13.2 |      12 |       3 |  20.0
        D:3 |      62 |       0 |   0.0 |      17 |       0 |   0.0
        D:4 |     267 |       0 |   0.0 |      14 |       0 |   0.0
        D:5 |     306 |       0 |   0.0 |       8 |       0 |   0.0
        D:6 |      88 |       0 |   0.0 |       1 |       0 |   0.0
            +---------+---------+-------+---------+---------+-------
